 Dungeon Sprint DCSS version 0.30-a0-469-g84de5afbc5 (webtiles) character file.

Game seed: 16066785503542151805

4500000 NinjaNoafa the Conqueror (level 20, -29/216 HPs)
             Began as a Ghoul Fighter on Dec 19, 2022.
             Was the Champion of Makhleb.
             Annihilated by a large bag of meat
             ... wielding a +9 giant spiked club
              (105 damage)
             ... in the Dungeon (Sprint VIII: "Arena of Blood").
             The game lasted 00:00:57 (45 turns).

NinjaNoafa the Conqueror (Ghoul Fighter)              Turns: 45, Time: 00:00:58

Health: -29/216    AC: 13    Str: 23    XL:     20   Next: 58%
Magic:  18/36      EV: 23    Int:  3    God:    Makhleb [******]
Gold:   0          SH:  0    Dex: 14    Spells: 28/28 levels left

rFire   . . .      SeeInvis .    j - +∞ Axe of Woe
rCold   + . .      Faith    .    (shield currently unavailable)
rNeg    + + +      Spirit   .    b - +0 scale mail
rPois   ∞          Reflect  .    (no helmet)
rElec   .          Harm     .    (no cloak)
rCorr   .          Rampage  .    (no gloves)
Will    +....      NoTele   +    (no boots)
Stlth   ++........               (no amulet)
HPRegen 0.00/turn                (no ring)
MPRegen 0.25/turn                (no ring)

@: inhibited regen
A: claws 1, cold resistance 1, negative energy resistance 3, inhibited
regeneration, torment resistance 2, devour on kill
a: Renounce Religion, Minor Destruction, Lesser Servant of Makhleb, Major
Destruction, Greater Servant of Makhleb


You were in the Dungeon.
You worshipped Makhleb.
Makhleb was exalted by your worship.
You visited 1 branch

Inventory:

Hand Weapons
 a - a +0 war axe
 j - the +∞ Axe of Woe (weapon)
   (You found it in the Dungeon)
Armour
 b - a +0 scale mail (worn)
 c - a +0 buckler
Scrolls
 i - a scroll of blinking
Potions
 d - a potion of might
 e - a potion of curing
 f - a potion of heal wounds
 g - a potion of haste
 h - 2 potions of magic


   Skills:
 O Level 27 Fighting
 + Level 5.8(6.7) Short Blades
 + Level 5.1(6.4) Long Blades
 O Level 27 Axes
 + Level 5.1(18.9) Maces & Flails
 + Level 5.2(18.9) Polearms
 + Level 5.1(7.1) Staves
 + Level 5.1 Ranged Weapons
 + Level 5.1 Throwing
 O Level 27 Armour
 O Level 27 Dodging
 + Level 6.8 Stealth
 O Level 27 Shields
 + Level 6.2 Unarmed Combat
 + Level 4.6 Spellcasting
 + Level 4.7 Conjurations
 + Level 5.3 Hexes
 + Level 5.8 Summonings
 + Level 6.4 Necromancy
 + Level 5.8 Translocations
 + Level 5.8 Transmutations
 + Level 5.3 Fire Magic
 + Level 7.0 Ice Magic
 + Level 5.3 Air Magic
 + Level 7.0 Earth Magic
 + Level 6.4 Poison Magic
 O Level 27 Invocations
 + Level 5.8 Evocations


You had 28 spell levels left.
You didn't know any spells.
Your spell library was empty.

Dungeon Overview and Level Annotations

Branches:
Dungeon (1/1)

Altars:
Makhleb


Innate Abilities, Weirdness & Mutations

You are immune to poison.
You have sharp fingernails.
Your flesh is cold resistant. (rC+)
You are immune to negative energy. (rN+++)
You do not regenerate when monsters are visible.
You are immune to unholy pain and torment.
You thrive by killing the living.


Message History

Your Transmutations skill gained 3 levels and is now at level 5!
Your Fire Magic skill gained 2 levels and is now at level 4!
Your Ice Magic skill gained 3 levels and is now at level 6!
Your Air Magic skill gained 2 levels and is now at level 4!
Your Earth Magic skill gained 3 levels and is now at level 6!
Your Poison Magic skill gained 3 levels and is now at level 5!
Your Evocations skill gained 3 levels and is now at level 5!
You have reached level 20!
You feel stronger.
You carve the bag of meat like a ham!!!
You cleave the bag of meat in twain.
You kill the bag of meat!
Makhleb accepts your kill.
You feel better.
The meat berserker appears out of thin air!
A meat berserker comes into view. It is wielding a +9 battleaxe.
You are engulfed in blazing flames.
The meat berserker shouts!
You hear a shout! x3
The meat berserker is engulfed in blazing flames.
The destroyer is engulfed in blazing flames.
You hear a shout! x2
Your base Long Blades skill increases to level 5!
Your base Maces & Flails skill increases to level 5!
Your base Polearms skill increases to level 5!
Your base Staves skill increases to level 5!
Your Ranged Weapons skill increases to level 5!
Your Throwing skill increases to level 5!
Your Unarmed Combat skill increases to level 6!
Your Hexes skill increases to level 5!
Your Necromancy skill increases to level 6!
Your Fire Magic skill increases to level 5!
Your Ice Magic skill increases to level 7!
Your Air Magic skill increases to level 5!
Your Earth Magic skill increases to level 7!
Your Poison Magic skill increases to level 6!
The meat berserker attacks as you move away!
The meat berserker hits you with a +9 battleaxe!!!
The large bag of meat attacks as you move away!
The large bag of meat hits you with a +9 giant spiked club!!
The large bag of meat hits you with a +9 giant spiked club!!!!
You die...

#... ..# . #...
..# ..###...
..###.
......###z.§...
...O..._..V....
#)).).# . .
#_○☼O_# ...
....#§§O°.#.....
..O..OVO@..z§...
.....☼###.......
..###... ..###..
. #... ..# #o..
..# O....


.oo o. .O.. .o.. You could see 2 destroyers, 2 sculptors of flesh, 2 large bags
of meat, 5 meat berserkers and 3 bags of meat.

Vanquished Creatures
  3 vampire knights (D)
  7 ogres (D)
  3 two-headed ogres (D)
  19 orcs (D)
32 creatures vanquished.

Notes
Turn   | Place    | Note
-------+----------+-------------------------------------------
     0 | D        | Found the +∞ Axe of Woe
     0 | D        | NinjaNoafa the Ghoul Fighter began the quest for the Orb.
     0 | D        | Reached XP level 1. HP: 19/19 MP: 0/0
     1 | D        | Noticed a bag of meat
     1 | D        | Noticed a bag of meat
     2 | D        | Noticed a bag of meat
     2 | D        | Noticed a bag of meat
     3 | D        | Noticed a bag of meat
     3 | D        | Noticed a bag of meat
     4 | D        | Noticed a bag of meat
     9 | D        | Killed a bag of meat
     9 | D        | Noticed a meat berserker
     9 | D        | Noticed a meat berserker
    10 | D        | Reached XP level 2. HP: 40/47 MP: 1/1
    10 | D        | Reached XP level 3. HP: 45/53 MP: 2/2
    10 | D        | Reached XP level 4. HP: 52/61 MP: 3/3
    10 | D        | Reached XP level 5. HP: 58/68 MP: 4/4
    10 | D        | Reached XP level 6. HP: 64/75 MP: 5/5
    10 | D        | Reached XP level 7. HP: 70/82 MP: 6/6
    10 | D        | Reached XP level 8. HP: 77/90 MP: 7/7
    10 | D        | Reached XP level 9. HP: 82/96 MP: 8/8
    10 | D        | Reached XP level 10. HP: 89/104 MP: 9/9
    10 | D        | Reached XP level 11. HP: 95/111 MP: 10/10
    10 | D        | Killed a bag of meat
    10 | D        | Killed a bag of meat
    11 | D        | Reached skill level 15 in Axes
    11 | D        | Reached skill level 15 in Armour
    11 | D        | Reached skill level 15 in Shields
    11 | D        | Reached XP level 12. HP: 120/127 MP: 11/11
    11 | D        | Killed a bag of meat
    11 | D        | Killed a bag of meat
    12 | D        | Reached XP level 13. HP: 132/139 MP: 12/12
    12 | D        | Became a worshipper of Makhleb the Destroyer
    13 | D        | Noticed a meat berserker
    13 | D        | Killed a meat berserker
    13 | D        | Killed a bag of meat
    13 | D        | Reached * piety under Makhleb
    13 | D        | Killed a bag of meat
    14 | D        | Reached XP level 14. HP: 106/157 MP: 13/13
    14 | D        | Reached XP level 15. HP: 110/163 MP: 14/14
    14 | D        | Killed a meat berserker
    16 | D        | Killed a meat berserker
    16 | D        | Reached ** piety under Makhleb
    17 | D        | Noticed a meat berserker
    19 | D        | Reached XP level 16. HP: 157/179 MP: 14/18
    20 | D        | Reached skill level 5 in Dodging
    20 | D        | Reached *** piety under Makhleb
    20 | D        | Noticed a meat berserker
    21 | D        | Noticed a large bag of meat
    23 | D        | Reached skill level 10 in Invocations
    23 | D        | Killed a meat berserker
    23 | D        | Noticed a meat berserker
    24 | D        | Reached skill level 27 in Fighting
    24 | D        | Reached XP level 17. HP: 191/191 MP: 14/25
    24 | D        | Killed a meat berserker
    24 | D        | Reached **** piety under Makhleb
    25 | D        | Reached skill level 15 in Invocations
    25 | D        | Noticed a large bag of meat
    25 | D        | Noticed a large bag of meat
    25 | D        | Noticed a large bag of meat
    29 | D        | Killed a meat berserker
    31 | D        | Reached ***** piety under Makhleb
    31 | D        | Noticed a destroyer
    32 | D        | Reached XP level 18. HP: 194/200 MP: 16/30
    32 | D        | Killed a large bag of meat
    32 | D        | Killed a large bag of meat
    33 | D        | Reached skill level 27 in Axes
    33 | D        | Reached skill level 27 in Armour
    33 | D        | Killed a large bag of meat
    33 | D        | Noticed a meat berserker
    34 | D        | Reached XP level 19. HP: 99/207 MP: 16/35
    35 | D        | Killed a destroyer
    36 | D        | Reached skill level 27 in Dodging
    36 | D        | Reached skill level 27 in Invocations
    36 | D        | Noticed a destroyer
    37 | D        | Noticed a large bag of meat
    38 | D        | Killed a destroyer
    38 | D        | Noticed a destroyer
    38 | D        | Noticed a meat berserker
    38 | D        | Noticed a sculptor of flesh
    39 | D        | Reached skill level 27 in Shields
    39 | D        | Noticed a destroyer
    39 | D        | Noticed a destroyer
    40 | D        | Noticed a meat berserker
    41 | D        | Reached skill level 1 in Spellcasting
    41 | D        | Reached skill level 1 in Conjurations
    42 | D        | Noticed a sculptor of flesh
    42 | D        | Noticed a sculptor of flesh
    43 | D        | Noticed a meat berserker
    43 | D        | Killed a meat berserker
    43 | D        | Killed a destroyer
    43 | D        | Noticed a meat berserker
    44 | D        | Reached skill level 5 in Short Blades
    44 | D        | Reached skill level 5 in Unarmed Combat
    44 | D        | Reached skill level 5 in Summonings
    44 | D        | Reached skill level 5 in Necromancy
    44 | D        | Reached skill level 5 in Translocations
    44 | D        | Reached skill level 5 in Transmutations
    44 | D        | Reached skill level 5 in Poison Magic
    44 | D        | Reached skill level 5 in Evocations
    44 | D        | Reached XP level 20. HP: 159/216 MP: 18/36
    44 | D        | Reached ****** piety under Makhleb
    44 | D        | Noticed a meat berserker
    45 | D        | Reached skill level 5 in Long Blades
    45 | D        | Reached skill level 5 in Maces & Flails
    45 | D        | Reached skill level 5 in Polearms
    45 | D        | Reached skill level 5 in Staves
    45 | D        | Reached skill level 5 in Ranged Weapons
    45 | D        | Reached skill level 5 in Throwing
    45 | D        | Reached skill level 5 in Hexes
    45 | D        | Reached skill level 5 in Fire Magic
    45 | D        | Reached skill level 5 in Air Magic
    45 | D        | Annihilated by a large bag of meat

Illustrated notes

Levels and vault maps discovered:
D:        meatsprint

Skill      XL: |  1  2  3  4  5  6  7  8  9 10 11 12 13 14 15 16 17 18 19 20 |
---------------+-------------------------------------------------------------+-----
Fighting       | 14 18 20 23 25 27 | 27.0
Axes           | 12 15 17 19 21 23 26 27 | 27.0
Armour         | 12 15 17 19 21 23 26 27 | 27.0
Shields        | 12 15 17 19 21 27 | 27.0
Dodging        | 3 11 16 22 27 | 27.0
Invocations    | 4 13 19 26 27 | 27.0
Short Blades   | 5 |  5.8
Long Blades    | 4 5 |  5.1
Maces & Flails | 4 5 |  5.1
Polearms       | 4 5 |  5.2
Staves         | 4 5 |  5.1
Ranged Weapons | 4 5 |  5.1
Throwing       | 4 5 |  5.1
Stealth        | 6 |  6.8
Unarmed Combat | 5 6 |  6.2
Spellcasting   | 4 |  4.6
Conjurations   | 4 |  4.7
Hexes          | 4 5 |  5.3
Summonings     | 5 |  5.8
Necromancy     | 5 6 |  6.4
Translocations | 5 |  5.8
Transmutations | 5 |  5.8
Fire Magic     | 4 5 |  5.3
Ice Magic      | 6 7 |  7.0
Air Magic      | 4 5 |  5.3
Earth Magic    | 6 7 |  7.0
Poison Magic   | 5 6 |  6.4
Evocations     | 5 |  5.8

Action                   |  1- 3 |  4- 6 |  7- 9 | 10-12 | 13-15 | 16-18 | 19-21 || total
-------------------------+-------+-------+-------+-------+-------+-------+-------++-------
Melee: Executioner's axe |     1 |       |       |     2 |     4 |    10 |     6 ||    23
Invok: Major Destruction |       |       |       |       |       |     2 |       ||     2
       Greater Servant o |       |       |       |       |       |       |     2 ||     2
       Lesser Servant of |       |       |       |       |       |       |     1 ||     1
Dodge: Dodged            |       |       |       |       |     1 |       |       ||     1

Table legend: (Time is in decaauts)
 A = Elapsed time spent in this place.
 B = Non-inter-level travel time spent in this place.
 C = Inter-level travel time spent in this place.
 D = Time resting spent in this place.
 E = Time spent auto-exploring this place.
 F = Levels seen in this place.
 G = Mean time per level.
                   A        B        C        D        E       F      G
               +--------+--------+--------+--------+--------+-----+--------+
         Total |     40 |     40 |      0 |      0 |      0 |   1 |   40.0 |
       Dungeon |     40 |     40 |      0 |      0 |      0 |   1 |   40.0 |
               +--------+--------+--------+--------+--------+-----+--------+

Top non-repeatable levels by time:
       D: 40 daAuts
